 Dungeon Crawl Stone Soup version 0.32-a0-131-g9dbbe29 (webtiles) character file.

Game seed: 1651592248618506405

2715 Dorkslayer the Ruffian (level 9, -1/59 HPs)
             Began as an Octopode Fighter on Feb 8, 2024.
             Was an Initiate of Dithmenos.
             Slain by a sky beast (5 damage)
             ... on level 7 of the Dungeon.
             The game lasted 00:11:19 (4546 turns).

Dorkslayer the Ruffian (Octopode Fighter)           Turns: 4546, Time: 00:11:19

Health: -1/59      AC:  1    Str: 20    XL:     9   Next: 66%
Magic:  9/9        EV: 18    Int: 10    God:    Dithmenos [......]
Gold:   397        SH:  8    Dex: 11    Spells: 8/8 levels left

rFire   . . .        m - +1 trident (venom)
rCold   . . .        c - +0 kite shield
rNeg    . . .        (helmet restricted)
rPois   .            (no amulet)
rElec   .            k - +5 ring of evasion
rCorr   .            p - ring of flight
SInv    .            (no ring)
Will    .....        (no ring)
Stlth   ++++         (no ring)
HPRegen 0.29/turn    (no ring)
MPRegen 0.11/turn    (no ring)
                     (no ring)

%: no passive effects
@: attractive, flying
A: almost no armour, amphibious, 8 rings, camouflage 1, gelatinous body 1,
(nimble swimmer 1), tentacles
a: Renounce Religion


You were on level 7 of the Dungeon.
You worshipped Dithmenos.
Dithmenos was noncommittal.
You visited 2 branches of the dungeon, and saw 8 of its levels.

You collected 397 gold pieces.

Inventory:

Hand Weapons
 g - a +0 mace
 j - a +0 war axe
 m - a +1 trident of venom (weapon)
Missiles
 f - 5 boomerangs (quivered)
Armour
 c - a +0 kite shield (worn)
Jewellery
 k - a +5 ring of evasion (left tentacle)
 p - a ring of flight (right tentacle)
Wands
 a - a wand of paralysis (3)
 h - a wand of quicksilver (14)
Scrolls
 b - a scroll of blinking
 i - 2 scrolls of silence
 o - 2 scrolls of fog
 r - a scroll of identify
 s - a scroll of torment
Potions
 d - a potion of haste {unknown}
 e - 2 potions of mutation
 l - a potion of attraction
 q - a potion of ambrosia


   Skills:
 + Level 4.4 Fighting
 * Level 5.9 Polearms
 + Level 0.4 Throwing
 + Level 4.7 Dodging
 + Level 6.3 Stealth
 + Level 4.4 Shields
 * Level 7.8 Unarmed Combat
 * Level 3.9 Evocations


You had 8 spell levels left.
You didn't know any spells.
Your spell library contained the following spells:

 Spells                   Type           Power      Damage    Failure   Level
 Freeze                   Ice            0%         1d3       65%         1
 Summon Small Mammal      Summ           0%         N/A       65%         1
 Blink                    Tloc           0%         N/A       80%         2
 Ensorcelled Hibernation  Hex/Ice        0%         N/A       80%         2
 Lesser Beckoning         Tloc           0%         N/A       80%         2
 Momentum Strike          Conj/Tloc      0%         3d8       80%         2
 Call Canine Familiar     Summ           0%         N/A       95%         3
 Frozen Ramparts          Ice            0%         1d1       95%         3
 Hailstorm                Conj/Ice       0%         3d5       95%         3
 Ozocubu's Armour         Ice            0%         N/A       95%         3
 Passwall                 Erth           0%         N/A       95%         3
 Swiftness                Air            0%         N/A       95%         3
 Summon Blazeheart Golem  Fire/Summ      0%         N/A       100%        4
 Metabolic Englaciation   Hex/Ice        0%         N/A       100%        5
 Sculpt Simulacrum        Ice/Alch       0%         N/A       100%        6


Dungeon Overview and Level Annotations

Branches:
Dungeon (7/15)             Temple (1/1) D:6

Altars:
Ashenzari
Cheibriados
Dithmenos
Elyvilon
Gozag
Hepliaklqana
Kikubaaqudgha
Nemelex Xobeh
Okawaru
Ru
Sif Muna
Uskayaw
Vehumet
Wu Jian
Xom
Yredelemnul
The Shining One


Innate Abilities, Weirdness & Mutations

You cannot wear most types of armour.
You are amphibious.
You can wear up to eight rings at the same time.
Your skin changes colour to match your surroundings (Stealth+).
Your rubbery body absorbs attacks. (AC +1, EV +1)
((You are camouflaged when in or above water. (Stealth+)))
You have tentacles for arms and can constrict up to eight enemies at once.


Message History

You kill the gnoll!
Dithmenos accepts your kill. You block the gnoll bouda's attack.
A sky beast appears from thin air!
Reactivating autopickup.
The gnoll bouda hits you with a +0 whip!
You closely miss the gnoll bouda. Your grab misses the gnoll bouda.
You tentacle-slap the gnoll bouda.
The gnoll bouda is heavily wounded.
Your surroundings suddenly seem different.
Found a scroll of teleportation.
Found an ancient bone altar of Kikubaaqudgha.
Found a stone staircase leading down.
A sky beast comes into view.
The sky beast is attracted toward you.
Reach: m) +1 trident (venom)
Press: ? - help, Dir - move target, f - sky beast
Aim: a sky beast (wandering, hasn't noticed you, about 50% to evade your +1 trident of venom)
You reach to attack!
You completely miss the sky beast.
Your attacks no longer feel as feeble.
The sky beast flickers out of sight!
Deactivating autopickup; reactivate with Ctrl-A.
Reach: m) +1 trident (venom)
Press: ? - help, Dir - move target You reach to attack!
You attack empty space.
Something hits you but does no damage.
Unknown command.
You miss something. You block something's attack.
You closely miss something. Your squeeze misses something.
Something hits you but does no damage.
You closely miss something. Something hits you. Something shocks you.
Something hits you.
* * * LOW HITPOINT WARNING * * *
Something shocks you.
* * * LOW HITPOINT WARNING * * *
You closely miss something. Something barely misses you.
As you read the scroll of fog, it dissolves into smoke.
Something hits you.
* * * LOW HITPOINT WARNING * * *
Something shocks you.
You die...

# .# ..# ...
.. ####§#
#§@{§#
#.§§§§_§§§.
....####+####
......


ZZZ .....>. ZZZZ ....... #ZZZ## ......? ##.### ....... .+Z+.. You could see an
adder zombie, 2 hound zombies, an elephant zombie, a scorpion zombie, 2 elf
zombies, a centaur zombie (dormant) and a howler monkey zombie.

Vanquished Creatures
  Pikel (D:5)
  A troll (D:5)
  A wyvern (D:4)
  Eustachio (D:5)
  2 ice beasts
  2 ogres
  3 lemures (D:5)
  4 phantoms
  A kobold brigand (D:6)
  2 scorpions
  2 bullfrogs
  A bombardier beetle (D:4)
  An orc priest (D:4)
  Crazy Yiuf (D:5)
  5 hounds
  Jessica (D:2)
  5 iguanas
  Natasha (thrice) (D:2)
  2 orc wizards
  Robin (D:2)
  7 gnolls
  13 adders
  A shadow imp (D:6)
  2 dart slugs
  A ribbon worm (D:2)
  5 orcs
  10 endoplasms
  2 giant cockroaches
  16 goblins
  9 hobgoblins
  4 jackals (D:2)
  2 quokkas
  6 ball pythons
  7 bats
  2 frilled lizards
  10 kobolds
  4 rats
141 creatures vanquished.

Notes
Turn   | Place    | Note
-------+----------+-------------------------------------------
     0 | D:1      | Dorkslayer the Octopode Fighter began the quest for the
                  | Orb.
     0 | D:1      | Reached XP level 1. HP: 16/16 MP: 1/1
   150 | D:1      | Reached XP level 2. HP: 21/21 MP: 2/2
   325 | D:1      | Reached XP level 3. HP: 10/26 MP: 3/3
   553 | D:2      | Noticed Robin
   573 | D:2      | Reached skill level 3 in Unarmed Combat
   579 | D:2      | Killed Robin
   580 | D:2      | Reached XP level 4. HP: 23/31 MP: 4/4
   641 | D:2      | Found a faded altar of an unknown god.
   643 | D:2      | Noticed Natasha
   659 | D:2      | Killed Natasha
   660 | D:2      | Reached skill level 1 in Stealth
   739 | D:2      | Reached XP level 5. HP: 36/36 MP: 5/5
   765 | D:2      | Noticed Natasha
   773 | D:2      | Killed Natasha
   774 | D:2      | Reached skill level 4 in Unarmed Combat
   808 | D:2      | Noticed Jessica
   816 | D:2      | Killed Jessica
   955 | D:2      | Noticed Natasha
   961 | D:2      | Killed Natasha
  1079 | D:3      | Reached XP level 6. HP: 34/42 MP: 6/6
  1272 | D:3      | You fall into a shaft and drop 1 floor!
  1276 | D:4      | Found an ancient bone altar of Kikubaaqudgha.
  1334 | D:4      | Reached skill level 5 in Unarmed Combat
  1376 | D:4      | Reached XP level 7. HP: 13/46 MP: 7/7
  1609 | D:4      | Reached skill level 6 in Unarmed Combat
  1685 | D:4      | Noticed a wyvern
  1697 | D:4      | Killed a wyvern
  2537 | D:5      | Entered Level 5 of the Dungeon
  2544 | D:5      | Reached skill level 7 in Unarmed Combat
  2544 | D:5      | Reached XP level 8. HP: 47/54 MP: 8/8
  2626 | D:5      | Reached skill level 1 in Polearms
  2685 | D:5      | Reached skill level 1 in Evocations
  2778 | D:5      | Noticed Eustachio
  2786 | D:5      | Killed Eustachio
  2884 | D:5      | Noticed a troll
  2896 | D:5      | Killed a troll
  2897 | D:5      | Reached skill level 5 in Stealth
  3108 | D:5      | Found a white marble altar of Elyvilon.
  3164 | D:5      | Found a runed translucent door.
  3165 | D:5      | Noticed Crazy Yiuf
  3176 | D:5      | Killed Crazy Yiuf
  3333 | D:5      | Noticed Pikel
  3347 | D:5      | Killed Pikel
  3348 | D:5      | Reached skill level 5 in Polearms
  3348 | D:5      | Reached XP level 9. HP: 26/58 MP: 9/9
  3821 | D:6      | Found a hide-covered altar of Uskayaw.
  3919 | D:6      | Found an ornate altar of the Wu Jian Council.
  4042 | D:6      | Found a staircase to the Ecumenical Temple.
  4103 | Temple   | Entered the Ecumenical Temple
  4115 | Temple   | Became a worshipper of Dithmenos the Shadowed
  4467 | D:7      | Found a hazy altar of Hepliaklqana.
  4538 | D:7      | Found an ancient bone altar of Kikubaaqudgha.
  4546 | D:7      | Slain by a sky beast

Illustrated notes

Levels and vault maps discovered:
D:1:      orjb1_clovarrival, layout_rooms
D:2:      layout_basic, chequers_ecumenical_altar_simple, uniq_natasha,
          uniq_robin, uniq_jessica
D:3:      layout_rooms, serial_curves, eino_curves_01, eino_curves_03,
          eino_curves_02
D:4:      layout_cave_pools, mainiacjoe_overflow_paths
D:5:      layout_cave_pools, lemuel_round_altar, st_stairs_14, uniq_pikel,
          uniq_eustachio, uniq_crazy_yiuf_cottage
D:6:      layout_gridville, nzn_wu_jian_contemplation,
          mainiacjoe_overflow_alcove_4, minmay_temple_entry_nine_rooms
D:7:      layout_rooms, kennysheep_mini_moat, kennysheep_donut,
          roadster_capsule_ark_zombie, uniq_duvessa
Temple:   hellmonk_temple_forest_ring

Skill      XL: |  1  2  3  4  5  6  7  8  9 |
---------------+----------------------------+-----
Unarmed Combat | 3 4 5 7 |  7.8
Stealth        | 1 2 4 5 6 |  6.3
Dodging        | 4 |  4.7
Polearms       | 5 |  5.9
Evocations     | 2 3 |  3.9
Fighting       | 4 |  4.4
Shields        | 4 |  4.4
Throwing       | |  0.4

Action                     |  1- 3 |  4- 6 |  7- 9 || total
---------------------------+-------+-------+-------++-------
  Melee: Unarmed           |    71 |    91 |    32 ||   194
         Constrict         |    24 |    25 |    31 ||    80
         Tentacles         |    15 |    19 |    44 ||    78
         Punch             |     5 |     3 |    11 ||    19
         Trident           |       |       |   168 ||   168
  Throw: Boomerang         |       |       |     6 ||     6
    Use: Potion            |     2 |     2 |     4 ||     8
         Scroll            |       |     3 |    11 ||    14
   Stab: Sleeping          |     3 |     7 |    16 ||    26
 Armour: Skin              |    29 |    36 |    85 ||   150
  Dodge: Dodged            |    41 |    52 |   129 ||   222
  Block: Buckler           |    11 |    15 |     8 ||    34
         Kite shield       |       |       |    72 ||    72

Table legend: (Time is in decaauts)
 A = Elapsed time spent in this place.
 B = Non-inter-level travel time spent in this place.
 C = Inter-level travel time spent in this place.
 D = Time resting spent in this place.
 E = Time spent auto-exploring this place.
 F = Levels seen in this place.
 G = Mean time per level.
                   A        B        C        D        E       F      G
               +--------+--------+--------+--------+--------+-----+--------+
         Total |   4580 |   4580 |      0 |     37 |   2768 |   8 |  572.5 |
       Dungeon |   4556 |   4556 |      0 |     37 |   2768 |   7 |  650.9 |
        Temple |     23 |     23 |      0 |      0 |      0 |   1 |   23.0 |
               +--------+--------+--------+--------+--------+-----+--------+

Top non-repeatable levels by time:
     D:5: 1018 daAuts
     D:6: 901 daAuts
     D:4: 807 daAuts
     D:3: 707 daAuts
     D:1: 518 daAuts
     D:2: 501 daAuts
     D:7: 101 daAuts
  Temple: 23 daAuts
